 Dungeon Crawl Stone Soup version 0.20.1-1-g8b1a95d66d (webtiles) character file.

372 Jynx the Cudgeler (level 6, -13/50 HPs)
             Began as a Demonspawn Berserker on Dec 20, 2017.
             Was a Believer of Trog.
             Mangled by a gnoll
             ... wielding a cursed -3 halberd
              (15 damage)
             ... while paralysed
             ... on level 3 of the Dungeon.
             The game lasted 00:03:12 (2001 turns).

Jynx the Cudgeler (Demonspawn Berserker)            Turns: 2001, Time: 00:03:12

Health: -13/50     AC:  3    Str: 17    XL:     6   Next: 43%
Magic:  6/6        EV:  2    Int:  9    God:    Trog [**....]
Gold:   91         SH:  0    Dex: 14    Spells: 5/5 levels left

rFire    . . .     SeeInvis .   a - +0 mace
rCold    . . .     Gourm    .   (no shield)
rNeg     . . .     Faith    .   b - +0 animal skin
rPois    .         Spirit   .   (helmet restricted)
rElec    .         Reflect  .   (no cloak)
rCorr    .         Harm     .   (no gloves)
MR       .....                  (no boots)
Stlth    +.........             (no amulet)
Regen    0.2/turn               (no ring)
MPRegen  0.1/turn               (no ring)

@: paralysed, lethally poisoned (-13 -> -15), berserk cooldown, slowed
A: horns 1, rugged brown scales 1, powered by pain 2
a: Berserk, Trog's Hand, Burn Spellbooks, Renounce Religion


You were on level 3 of the Dungeon.
You worshipped Trog.
Trog was pleased with you.
You were very hungry.

You visited 1 branch of the dungeon, and saw 3 of its levels.

You collected 91 gold pieces.

Inventory:

Hand Weapons
 a - a +0 mace (weapon)
Armour
 b - a +0 animal skin (worn)
Scrolls
 d - a scroll of fear {unknown}
 f - a scroll of magic mapping {unknown}
 g - 4 scrolls of identify {unknown}
 h - a scroll of enchant armour {unknown}
 l - 2 scrolls of teleportation {unknown}
 n - 2 scrolls of recharging {unknown}
 o - 2 scrolls of remove curse {unknown}
 s - a scroll of fog {unknown}
 u - a scroll of amnesia {unknown}
 v - a scroll of blinking {unknown}
Potions
 e - 2 potions of agility {unknown}
 i - a potion of magic {unknown}
 j - a potion of lignification {unknown}
 k - a potion of mutation {unknown}
 m - a potion of berserk rage {unknown}
 q - a potion of curing {unknown}
 t - 2 potions of brilliance {unknown}
Comestibles
 c - a bread ration
 r - a royal jelly


   Skills:
 + Level 4.6 Fighting
 * Level 5.8 Maces & Flails
 - Level 1.7 Armour
 - Level 1.7 Dodging


You had 5 spell levels left.
You didn't know any spells.

Dungeon Overview and Level Annotations

Branches:
Dungeon (3/15)

Altars:


Innate Abilities, Weirdness & Mutations

You have a pair of small horns on your head.
You are partially covered in rugged brown scales. (AC +1, +3% HP)
You sometimes gain power by taking damage.


Message History

Your Maces & Flails skill increases to level 5!
You have reached level 5!
You have reached level 6!
Your experience leads to an increase in your attributes!
Your base attributes are Str 17, Int 9, Dex 13.
Increase (S)trength, (I)ntelligence, or (D)exterity?
You feel agile.
Your demonic ancestry asserts itself...
You feel even more energised by your suffering.
You are no longer berserk.
You pass out from exhaustion.
You feel yourself slow down.
You feel sick. The adder bites you but does no damage.
The gnoll hits you from afar with a halberd.
* * * LOW HITPOINT WARNING * * *
The adder bites you.
* * * LOW HITPOINT WARNING * * *
* * * LOW HITPOINT WARNING * * *
You feel sick. The adder bites you but does no damage.
The gnoll hits you from afar with a halberd!
You die...

#.......#
#....?...
#........
#........
.........
#.g......
..#####()......
.......@S.#
.......<..#
..........#
..........#
.<........#
..........#
.>........#
#.........#
..........<


You could see a gnoll and an adder.

Vanquished Creatures
  The ghost of Jynx the Grave Robber, a novice DsNe (D:3)
  2 gnolls (D:3)
  2 adders (D:2)
  An ooze (D:2)
  5 worms (D:2)
  3 dart slugs
  A leopard gecko (D:2)
  3 bats
  A giant cockroach (D:2)
  3 goblins
  10 hobgoblins
  4 jackals (D:2)
  A quokka (D:2)
  2 ball pythons (D:1)
  9 frilled lizards
  6 kobolds (D:2)
  A rat (D:2)
55 creatures vanquished.

Notes
Turn   | Place    | Note
-------+----------+-------------------------------------------
     0 | D:1      | Jynx the Demonspawn Berserker began the quest for the Orb.
     0 | D:1      | Reached XP level 1. HP: 18/18 MP: 1/1
   385 | D:1      | Reached skill level 3 in Maces & Flails
   423 | D:1      | Gained mutation: You sometimes gain a little power by taking damage. [demonic ancestry]
   423 | D:1      | Reached XP level 2. HP: 11/24 MP: 2/2
  1062 | D:2      | Gained mutation: You have a pair of small horns on your head. [demonic ancestry]
  1062 | D:2      | Reached XP level 3. HP: 19/29 MP: 3/3
  1297 | D:2      | Reached ** piety under Trog
  1358 | D:2      | Reached skill level 4 in Maces & Flails
  1364 | D:2      | Gained mutation: You are partially covered in rugged brown scales. (AC +1, +3% HP) [demonic ancestry]
  1364 | D:2      | Reached XP level 4. HP: 37/37 MP: 4/4
  1983 | D:3      | Noticed Jynx's ghost (novice DsNe)
  1999 | D:3      | Killed Jynx's ghost
  1999 | D:3      | Reached skill level 5 in Maces & Flails
  1999 | D:3      | Reached XP level 5. HP: 15/44 MP: 5/5
  1999 | D:3      | Gained mutation: You sometimes gain power by taking damage. [demonic ancestry]
  1999 | D:3      | Reached XP level 6. HP: 18/50 MP: 6/6
  2001 | D:3      | HP: 2/50 [poisoned by an adder]
  2001 | D:3      | Mangled by a gnoll

Skill      XL: |  1  2  3  4 |
---------------+-------------+-----
Maces & Flails | 3 4 5 |  5.8
Fighting       | 4 |  4.6
Armour         | |  1.7
Dodging        | |  1.7

Action                   |  1- 3 |  4- 6 || total
-------------------------+-------+-------++-------
Melee: Mace              |    96 |    56 ||   152
       Headbutt          |     5 |    10 ||    15
Invok: Berserk           |     3 |     1 ||     4
  Eat: Chunk             |     3 |     3 ||     6
Armor: Animal skin       |    17 |    15 ||    32
Dodge: Dodged            |    67 |    39 ||   106
